 Dungeon Crawl Stone Soup version 0.31.0-12-g77e489cdc1 (webtiles) character file.

Game seed: 15728489555253725449

240 Ekaitz the Firebug (level 5, -13/38 HPs)
             Began as a Demonspawn Fire Elementalist on Feb 20, 2024.
             Mangled by an ogre
             ... wielding a +0 giant club
              (26 damage)
             ... on level 3 of the Dungeon.
             The game lasted 00:07:22 (2210 turns).

Ekaitz the Firebug (Demonspawn Fire Elementalist)   Turns: 2210, Time: 00:07:22

Health: -13/38     AC:  9    Str: 10    XL:     5   Next: 79%
Magic:  0/8        EV: 12    Int: 15    God:
Gold:   93         SH:  4    Dex: 14    Spells: 1/8 levels left

rFire   . . .        l - +2 mace (protect)
rCold   . . .        (no shield)
rNeg    . . .        a - +0 robe
rPois   .            (helmet restricted)
rElec   .            (no cloak)
rCorr   .            (no gloves)
SInv    .            (no boots)
Will    .....        (no amulet)
Stlth   ++           (no ring)
HPRegen 0.26/turn    (no ring)
MPRegen 0.11/turn

%: no passive effects
@: under a protective aura, very slightly contaminated
A: horns 1, large bone plates 1, foul stench 1
a: no special abilities


You were on level 3 of the Dungeon.
You visited 1 branch of the dungeon, and saw 3 of its levels.

You collected 93 gold pieces.

Inventory:

Hand Weapons
 c - a +0 dagger
 l - a +2 mace of protection (weapon)
Armour
 a - a +0 robe (worn)
Scrolls
 d - 2 scrolls of teleportation {unknown}
 e - a scroll of fog {unknown}
 f - 4 scrolls of identify {unknown}
 g - a scroll of fear {unknown}
 i - 2 scrolls of enchant weapon {unknown}
 k - a scroll of vulnerability {unknown}
 m - a scroll of poison {unknown}
 n - a scroll of blinking {unknown}
Potions
 b - 2 potions of magic
 h - a potion of enlightenment {unknown}
 j - 2 potions of curing {unknown}


   Skills:
 * Level 1.9 Fighting
 * Level 2.1 Maces & Flails
 + Level 2.6 Dodging
 + Level 1.9 Stealth
 + Level 2.3 Spellcasting
 + Level 1.5 Conjurations
 * Level 0.2 Hexes
 * Level 1.7 Necromancy
 * Level 3.8 Fire Magic


You had one spell level left.
You knew the following spells:

 Your Spells              Type           Power      Damage    Failure   Level
a - Foxfire               Conj/Fire      36%        2x1d5     7%          1
b - Scorch                Fire           26%        2d6       7%          2
i - Inner Flame           Hex/Fire       7%         N/A       28%         3
k - Kiss of Death         Conj/Necr      24%        2d7       11%         1

Your spell library contained the following spells:

 Spells                   Type           Power      Damage    Failure   Level
 Volatile Blastmotes      Fire/Tloc      14%        2d11      30%         3
 Confusing Touch          Hex            2%         N/A       52%         3
 Flame Wave               Conj/Fire      9%         2d6       56%         4
 Dispel Undead            Necr           7%         3d8       71%         4


Dungeon Overview and Level Annotations

Branches:
Dungeon (3/15)

Altars:


Innate Abilities, Weirdness & Mutations

You have a pair of small horns on your head.
You are partially covered in large bone plates. (SH +4)
You may rarely emit foul miasma when damaged in melee.


Message History

The orc is moderately wounded.
Unknown command.
The foxfire hits the orc.
The orc is severely wounded.
The orc barely misses you. The orc barely misses you.
The orc hits you from afar with a +0 trident.
The orc hits you from afar with a +0 trident.
The orc splashes around in the water.
The orc closely misses you.
You enter the shallow water.
Moving in this stuff is going to be slow.
The orc splashes around in the water.
Things that are here:
a +0 flail; a gnoll corpse You barely miss the orc.
Your headbutt misses the orc.
The orc is heavily wounded.
The orc barely misses you.
The orc hits you from afar with a +0 trident.
The orc splashes around in the water.
Casting: Foxfire (safe; 7% risk of failure)
Confirm with . or Enter, or press ? or * to list all spells.
You miscast Foxfire.
You are very lightly contaminated with residual magic.
Nothing appears to happen.
Casting: Foxfire (safe; 7% risk of failure)
Confirm with . or Enter, or press ? or * to list all spells.
You conjure some foxfire!
The ogre hits you with a +0 giant club!
Unknown command.
You hit the ogre.
Your weapon exudes an aura of protection.
The ogre is lightly wounded.
The foxfire hits the ogre.
The ogre is lightly wounded.
The foxfire hits the ogre.
The ogre is moderately wounded.
The ogre is engulfed in a cloud of scalding steam.
The ogre hits you with a +0 giant club!!
Ouch! That really hurt!
You die...

#..g....'....'.
#.....g)#....#
#.^.....#....# #.
#############''''###### #.o
#........).....).......
≈#####≈≈~~~≈~))≈~~....~~~~~~
≈≈≈≈≈≈≈≈≈≈≈≈≈o≈≈≈~....~≈≈≈≈≈
~~≈≈~~~~~≈~~O≈≈≈~~....~~~~~≈
...........@................
#........§§................
.##................<..##..
#.......#.#.#..#......#.##..
#...#.#.#...#..###.......###
#.# #.#.....#)...........# #
#.###.#.#.####.......#
#...........)........#
#####.#<#.####.......#


You could see an ogre and an orc.

Vanquished Creatures
  An orc wizard (D:3)
  14 gnolls
  An adder (D:2)
  3 dart slugs
  2 ribbon worms
  4 orcs (D:3)
  2 bats
  6 endoplasms
  2 giant cockroaches (D:2)
  2 goblins (D:2)
  5 hobgoblins
  6 jackals
  6 kobolds
  4 ball pythons
  A frilled lizard (D:1)
  3 rats
62 creatures vanquished.

Vanquished Creatures (collateral kills)
  2 foxfires (D:1)
2 creatures vanquished.

Vanquished Creatures (others)
  145 foxfires
145 creatures vanquished.

Grand Total: 209 creatures vanquished

Notes
Turn   | Place    | Note
-------+----------+-------------------------------------------
     0 | D:1      | Ekaitz the Demonspawn Fire Elementalist began the quest for
                  | the Orb.
     0 | D:1      | Reached XP level 1. HP: 13/13 MP: 3/3
   155 | D:1      | Reached skill level 3 in Fire Magic
   155 | D:1      | Gained mutation: You may rarely emit foul miasma when
                  | damaged in melee. [demonic ancestry]
   155 | D:1      | Reached XP level 2. HP: 19/19 MP: 0/5
   251 | D:1      | Learned a level 2 spell: Scorch
   456 | D:1      | Found a faded altar of an unknown god.
   542 | D:1      | Learned a level 1 spell: Kiss of Death
   629 | D:1      | Reached XP level 3. HP: 25/25 MP: 0/6
  1232 | D:2      | Reached skill level 1 in Fighting
  1241 | D:2      | Reached skill level 1 in Necromancy
  1241 | D:2      | Gained mutation: You are partially covered in large bone
                  | plates. (SH +4) [demonic ancestry]
  1241 | D:2      | Reached XP level 4. HP: 29/32 MP: 1/7
  1480 | D:2      | Learned a level 3 spell: Inner Flame
  1919 | D:3      | Gained mutation: You have a pair of small horns on your
                  | head. [demonic ancestry]
  1919 | D:3      | Reached XP level 5. HP: 26/37 MP: 4/8
  2028 | D:3      | Reached skill level 1 in Maces & Flails
  2193 | D:3      | Noticed an ogre
  2210 | D:3      | Mangled by an ogre

Illustrated notes

Levels and vault maps discovered:
D:1:      lightli_arrival_farm, layout_basic, ebering_ecumenical_altar_rust
D:2:      layout_rooms
D:3:      lemuel_castle_with_subvaults [lemuel_castle_interior_carwin_3],
          layout_basic, lemuel_crystal_altar, mainiacjoe_overflow_boulevard,
          amcnicky_mini_corridor_feature

Skill      XL: |  1  2  3  4  5 |
---------------+----------------+-----
Fire Magic     | 3 |  3.8
Fighting       | 1 |  1.9
Necromancy     | 1 |  1.7
Dodging        | 2 |  2.6
Maces & Flails | 2 |  2.1
Stealth        | |  1.9
Spellcasting   | |  2.3
Conjurations   | |  1.5
Hexes          | |  0.2

Action                     |  1- 3 |  4- 6 || total
---------------------------+-------+-------++-------
  Melee: Dagger            |    19 |       ||    19
         Mace              |    14 |    54 ||    68
         Punch             |       |     2 ||     2
   Cast: Foxfire           |    47 |    37 ||    84
         Scorch            |     2 |     6 ||     8
   Stab: Sleeping          |     2 |       ||     2
 Armour: Robe              |    26 |    34 ||    60
  Dodge: Dodged            |    36 |    57 ||    93
  Block: Other             |       |    10 ||    10
